 Dungeon Crawl Stone Soup version 0.20-a0-1040-gfd09691 (webtiles) character file.

57 Gorglomux the Cudgeler (level 4, 0/33 HPs)
             Began as a Formicid Warper on Apr 23, 2017.
             Slain by a crimson imp (1 damage)
             ... on level 1 of the Dungeon.
             The game lasted 00:02:16 (1480 turns).

Gorglomux the Cudgeler (Formicid Warper)            Turns: 1480, Time: 00:02:17

Health: 0/33       AC:  4    Str: 15    XL:     4   Next: 18%
Magic:  7/7        EV: 11    Int: 13    God:
Gold:   68         SH:  0    Dex: 11    Spells: 7/7 levels left

rFire    . . .     SeeInvis +   a - +0 mace
rCold    . . .     Gourm    .   (no shield)
rNeg     . . .     Faith    .   b - +0 leather armour
rPois    .         Spirit   .   (helmet unavailable)
rElec    .         Reflect  .   k - +0 cloak
rCorr    .         Harm     .   (no gloves)
MR       .....                  (no boots)
Stlth    ..........             (no amulet)
Regen    0.2/turn               m - ring of loudness (curse) {Stlth-}
MPRegen  0.1/turn               (no ring)

@: no status effects
A: permanent stasis, dig shafts and tunnels, four strong arms, antennae 3
a: Dig, Shaft Self


You were on level 1 of the Dungeon.
You were very hungry.

You visited 1 branch of the dungeon, and saw 2 of its levels.

You collected 68 gold pieces.

Inventory:

Hand Weapons
 a - a +0 mace (weapon)
Missiles
 e - 5 tomahawks of dispersal {=f}
Armour
 b - a +0 leather armour (worn)
 k - a +0 cloak (worn)
   (You found it on level 1 of the Dungeon)
Jewellery
 m - a cursed ring of loudness (left hand) {Stlth-}
   (You found it on level 1 of the Dungeon)
Scrolls
 d - a scroll of blinking {!r}
 h - a scroll of teleportation {unknown}
 i - a scroll of remove curse {unknown}
 l - a scroll of enchant weapon {unknown}
 n - 2 scrolls of identify {unknown}
 o - 2 scrolls of enchant armour {unknown}
Books
 c - a book of Spatial Translocations
Comestibles
 f - a bread ration {@e1@e1}
 g - 3 meat rations {@e2@e2}


   Skills:
 - Level 2.1 Fighting
 + Level 4.1 Maces & Flails
 - Level 1.0 Throwing
 - Level 1.1 Armour
 - Level 1.7 Dodging
 - Level 2.1 Spellcasting
   Level 2.6 Translocations


You had 7 spell levels left.
You didn't know any spells.

Dungeon Overview and Level Annotations

Branches:
Dungeon (2/15)

Altars:


Innate Abilities, Weirdness & Mutations

You cannot be hasted, slowed, berserked, paralysed or teleported.
You can dig through walls and to a lower floor.
Your four strong arms can wield two-handed weapons with a shield.
You have a pair of large antennae on your head. (SInv)


Message History

The crimson imp hits you but does no damage.
You barely miss the crimson imp.
The crimson imp hits you but does no damage.
The crimson imp hits you.
* * * LOW HITPOINT WARNING * * *
You miss the crimson imp. The crimson imp hits you.
* * * LOW HITPOINT WARNING * * *
You barely miss the crimson imp. The crimson imp hits you.
* * * LOW HITPOINT WARNING * * *
You hit the crimson imp. The crimson imp barely misses you.
You hit the crimson imp but do no damage.
The crimson imp hits you but does no damage.
You take 6 damage, and have 4/33 hp.
You closely miss the crimson imp. The crimson imp completely misses you.
The crimson imp barely misses you.
You hit the crimson imp.
The crimson imp shouts, "Turn tail, thou wayward base-court flirt-gill!"
The crimson imp blinks!
You swing at nothing.
You swing at nothing.
You swing at nothing.
You swing at nothing.
You swing at nothing.
You hit the crimson imp. The crimson imp closely misses you.
You hit the crimson imp.
The crimson imp hits you but does no damage.
You closely miss the crimson imp. The crimson imp misses you.
The crimson imp hits you but does no damage.
You hit the crimson imp but do no damage.
The crimson imp hits you but does no damage.
You closely miss the crimson imp. The crimson imp hits you.
* * * LOW HITPOINT WARNING * * *
You hit the crimson imp but do no damage.
The crimson imp blinks!
You swing at nothing.
You swing at nothing.
You swing at nothing.
You swing at nothing.
You swing at nothing.
You hit the crimson imp but do no damage.
The crimson imp barely misses you.
You barely miss the crimson imp.
The crimson imp hits you but does no damage.
The crimson imp misses you.
You hit the crimson imp but do no damage.
The crimson imp hits you but does no damage.
You miss the crimson imp.
The crimson imp hits you but does no damage.
You hit the crimson imp.
The crimson imp hits you but does no damage.
You closely miss the crimson imp. The crimson imp closely misses you.
You hit the crimson imp. The crimson imp hits you.
* * * LOW HITPOINT WARNING * * *
The crimson imp barely misses you.
You take 2 damage, and have 4/33 hp.
You hit the crimson imp. The crimson imp misses you.
You hit the crimson imp. The crimson imp closely misses you.
You barely miss the crimson imp.
The crimson imp hits you but does no damage.
You hit the crimson imp.
The crimson imp blinks!
You swing at nothing.
You swing at nothing.
You swing at nothing.
You swing at nothing.
You swing at nothing.
You hit the crimson imp but do no damage.
The crimson imp hits you.
* * * LOW HITPOINT WARNING * * *
You miss the crimson imp.
The crimson imp hits you but does no damage.
You hit the crimson imp. The crimson imp barely misses you.
The crimson imp hits you but does no damage.
You closely miss the crimson imp. The crimson imp closely misses you.
You hit the crimson imp but do no damage.
The crimson imp barely misses you.
You take 2 damage, and have 4/33 hp.
You hit the crimson imp but do no damage.
The crimson imp blinks!
You swing at nothing.
You swing at nothing.
You miss the crimson imp.
The crimson imp hits you but does no damage.
You closely miss the crimson imp. The crimson imp hits you.
* * * LOW HITPOINT WARNING * * *
You closely miss the crimson imp.
The crimson imp picks up a beetle and eats it.
The crimson imp hits you but does no damage.
You hit the crimson imp. The crimson imp closely misses you.
You hit the crimson imp.
The crimson imp blinks!
You take 4 damage, and have 1/33 hp.
You swing at nothing.
You swing at nothing.
You hit the crimson imp but do no damage.
The crimson imp hits you but does no damage.
You hit the crimson imp but do no damage.
The crimson imp hits you.
* * * LOW HITPOINT WARNING * * *
You miss the crimson imp. The crimson imp barely misses you.
The crimson imp hits you.
You die...

...........#.#
.........###.#
...รท.......#.#
........####.#
.(...........#
#........#####
########.# ###
########.######5##
..............>#@#
######.###########
# #.# ######.#
.....#.# .....#.#
.....#'########
..............#
..............#


You could see a crimson imp.

Vanquished Creatures
  A gnoll (D:1)
  An adder (D:2)
  3 worms (D:2)
  3 ball pythons
  5 bats
  4 goblins
  5 hobgoblins
  7 kobolds
  A quokka (D:2)
  A frilled lizard (D:1)
31 creatures vanquished.

Notes
Turn   | Place    | Note
-------+----------+-------------------------------------------
     0 | D:1      | Gorglomux the Formicid Warper began the quest for the Orb.
     0 | D:1      | Reached XP level 1. HP: 16/16 MP: 3/3
   136 | D:1      | Reached XP level 2. HP: 20/22 MP: 5/5
   268 | D:1      | Reached skill level 3 in Maces & Flails
   365 | D:1      | You fall through a shaft!
   393 | D:2      | Reached XP level 3. HP: 25/27 MP: 6/6
   857 | D:2      | HP: 5/27 [worm (8)]
  1171 | D:2      | Reached skill level 4 in Maces & Flails
  1171 | D:2      | Reached XP level 4. HP: 25/33 MP: 7/7
  1424 | D:1      | HP: 7/33 [crimson imp (3)]
  1440 | D:1      | HP: 5/33 [crimson imp (1)]
  1453 | D:1      | HP: 4/33 [crimson imp (2)]
  1463 | D:1      | HP: 4/33 [crimson imp (2)]
  1472 | D:1      | HP: 1/33 [crimson imp (4)]
  1479 | D:1      | HP: 1/33 [crimson imp (1)]
  1480 | D:1      | Slain by a crimson imp

Vault maps used:
D:1:      dpeg_arrival_pond
D:2:      kennysheep_six_static_rooms

Skill      XL: |  1  2  3 |
---------------+----------+-----
Maces & Flails | 3 4 |  4.1
Fighting       | |  2.1
Throwing       | |  1.0
Armour         | |  1.1
Dodging        | |  1.7
Spellcasting   | |  2.1
Translocations | |  2.6

Action                   |  1- 3 |  4- 6 || total
-------------------------+-------+-------++-------
Melee: Mace              |   104 |    76 ||   180
 Abil: Dig               |       |     1 ||     1
  Use: Potion            |       |     2 ||     2
  Eat: Chunk             |       |     1 ||     1
Armor: Leather armour    |    37 |    30 ||    67
Dodge: Dodged            |    68 |    36 ||   104

Vault maps used:
D:1:      dpeg_arrival_pond
D:2:      kennysheep_six_static_rooms

Table legend:
 A = Turns spent in this place as a percentage of turns spent in the entire game.
 B = Non-inter-level travel turns spent in this place as a percentage of non-inter-level travel turns spent in the entire game.
 C = Inter-level travel turns spent in this place as a percentage of turns spent in this place.
 D = Turns resting spent in this place as a percentage of non-inter-level travel turns spent in this place.
 E = Turns spent auto-exploring this place as a percentage of non-inter-level travel turns spent in this place.
 F = Non-inter-level travel turns spent in this place divided by the number of levels of this place that you've seen.
                   A       B       C       D       E      F
               +-------+-------+-------+-------+-------+----------------------
         Total | 100.0 | 100.0 |   0.4 |   1.8 |   9.1 | 273.5
       Dungeon | 100.0 | 100.0 |   0.4 |   1.8 |   9.1 | 273.5
               +-------+-------+-------+-------+-------+----------------------

Table legend:
 A = Kills in this place as a percentage of kills in entire the game.
 B = Kills by you in this place as a percentage of kills by you in the entire game.
 C = Kills by friends in this place as a percentage of kills by friends in the entire game.
 D = Other kills in this place as a percentage of other kills in the entire game.
 E = Experience gained in this place as a percentage of experience gained in the entire game.
 F = Experience gained in this place divided by the number of levels of this place that you have seen.
                   A       B       C       D       E      F
               +-------+-------+-------+-------+-------+----------------------
         Total | 100.0 | 100.0 |  -nan |  -nan | 100.0 |  41.0
       Dungeon | 100.0 | 100.0 |  -nan |  -nan | 100.0 |  41.0
               +-------+-------+-------+-------+-------+----------------------
